AoeStats
← Happy-Pangolin-5

Northern Isles

510467965Analyzed
1v1 RM · 2d ago on Oct 1, 2026· 99m 27s· 2 players
Game mode
Random Map
Map size
Tiny (2 player)
Population
200
Speed
Normal
Resources
Standard
Victory
Conquest
Starting age
Dark Age
Ending age
Imperial Age
RankedLock teamsTeams togetherTeam positionsShared explorationLock speedFull tech treeHidden civsTurbo modeCheats
Victory
Defeat
🇲🇽 Bohemians · Mexico
896
+18
🇺🇸 Vikings · United States
941
-18
ZikaRZ
10:19 Feudal Age
11:17 Double-Bit Axe
16:39 Fishing Lines
20:37 Castle Age
21:15 Town Watch
21:45 Medium Warships
22:43 Bow Saw
30:29 Imperial Age
32:13 Chemistry
31:21 Fletching
32:30 Heavy Warships
32:42 Conscription
32:40 Careening
32:21 Elite Cannon Galleon
34:23 Ballistics
35:20 Bodkin Arrow
36:18 Bracer
38:07 Clinker Construction
40:04 Siege Engineers
44:02 Town Patrol
46:41 Murder Holes
50:05 Loom
82:07 Herbal Medicine
Happy-Pangolin-5
10:55 Feudal Age
10:37 Loom
12:21 Double-Bit Axe
16:27 Fletching
19:57 Castle Age
21:54 Bodkin Arrow
23:28 Bow Saw
23:39 Horse Collar
26:40 Clinker Construction
34:30 Imperial Age
33:08 Ballistics
33:00 Careening
36:15 Chemistry
35:05 Elite Longship
38:58 Bracer
42:08 Dry Dock
44:03 Padded Archer Armor
43:27 Crossbowman
44:44 Arbalester
45:46 Bogsveigar
46:09 Conscription
45:57 Cavalier
53:52 Scale Barding Armor
54:00 Forging
57:51 Iron Casting
57:37 Chain Barding Armor
59:24 Light Cavalry
60:47 Hoardings
61:59 Blast Furnace
64:00 Siege Engineers
72:10 Carvel Hull
74:31 Masonry
79:46 Elite Skirmisher
Connection lost

Rejoining the realm…

Still unreachable

The connection could not be restored.

Session expired

The server has moved on; the page needs a fresh start.